 Dungeon Crawl Stone Soup version 0.21.0-24-g2553a33 (webtiles) character file.

4928 Monsterracer the Carver (level 10, 0/60 HPs)
             Began as a Deep Elf Abyssal Knight on Jan 20, 2018.
             Was an Elder of Lugonu.
             Slain by a troll (6 damage)
             ... on level 10 of the Dungeon.
             The game lasted 00:18:08 (12525 turns).

Monsterracer the Carver (Deep Elf Abyssal Knight)  Turns: 12525, Time: 00:18:09

Health: 0/60       AC: 14    Str: 12    XL:     10   Next: 27%
Magic:  17/17      EV: 15    Int: 22    God:    Lugonu [****..]
Gold:   143        SH:  0    Dex: 14    Spells: 9/9 levels left

rFire    . . .     SeeInvis .   a - +2 scimitar (distort)
rCold    . . .     Gourm    +   (no shield)
rNeg     . . .     Faith    .   u - +0 ring mail
rPois    .         Spirit   .   r - +0 helmet
rElec    .         Reflect  .   n - +1 cloak {MR+}
rCorr    +         Harm     .   i - +2 pair of gloves
MR       ++...                  j - +2 pair of boots of the Shining One's Envy {rCorr MP-9 Int+4}
Stlth    +.........             f - amulet of the gourmand
HPRegen  0.20/turn              k - ring of resist corrosion {!d}
MPRegen  0.15/turn              s - ring of magical power

@: no status effects
A: no striking features
a: Depart the Abyss, Bend Space, Banish, Corrupt, Renounce Religion


You were on level 10 of the Dungeon.
You worshipped Lugonu.
Lugonu was greatly pleased with you.
You were near starving.

You visited 1 branch of the dungeon, and saw 10 of its levels.
You visited the Abyss 1 time.

You collected 444 gold pieces.
You spent 301 gold pieces at shops.

Inventory:

Hand Weapons
 a - a +2 scimitar of distortion (weapon)
Missiles
 v - 2 throwing nets (quivered)
Armour
 i - a +2 pair of gloves (worn)
 j - the +2 pair of boots of the Shining One's Envy (worn) {rCorr MP-9 Int+4}
   (You found it on level 8 of the Dungeon)

   It affects your intelligence (+4).
   It affects your magic capacity (-9).
   It protects you from acid and corrosion.
 n - a +1 cloak of magic resistance (worn)
 r - a +0 helmet (worn)
 u - a +0 ring mail (worn)
Jewellery
 f - an amulet of the gourmand (around neck)
 k - a ring of resist corrosion (left hand) {!d}
 s - a ring of magical power (right hand)
Wands
 m - a wand of polymorph (17)
 p - a wand of acid (5)
 t - a wand of flame (20)
 x - a wand of scattershot (7)
Scrolls
 b - a scroll of blinking
 d - 7 scrolls of identify
 e - 9 scrolls of remove curse
 h - 3 scrolls of amnesia
 q - 2 scrolls of teleportation
Potions
 g - 6 potions of curing
 l - a potion of resistance
 o - a potion of cancellation
 w - a potion of brilliance
Comestibles
 c - 19 rations


   Skills:
 + Level 6.2 Fighting
 * Level 9.5 Long Blades
 - Level 0.7 Armour
 + Level 8.5 Dodging
 + Level 6.8 Invocations


You had 9 spell levels left.
You didn't know any spells.

Dungeon Overview and Level Annotations

Branches:
Dungeon (10/15)            Temple (0/1) D:6             Orc (0/2) D:9
   Lair: D:8-11

Altars:
Ashenzari
Dithmenos
Fedhas
Hepliaklqana
Okawaru
Ru
Trog
Uskayaw
Wu Jian

Shops:
D:5 (   D:6 [   D:10 ?%


Message History

There is a stone staircase leading up here.
No target in view!
No target in view!
You open the door.
There is an open door here.
You open the door. 3 yaks come into view.
The yak bellows! x3; You hear a shout!
Found Faepleeh's Food Emporium and Fiut Guf's Magic Scroll Emporium.
There are monsters nearby!
You can't go down here!
The yak gores you!
There is an open door here.
You take 7 damage, and have 53/60 hp.
You slash the yak!
The yak looks slightly unstable.
The yak is lightly wounded.
The yak gores you!
A troll comes into view.
You take 7 damage, and have 46/60 hp.
You barely miss the yak.
The yak is lightly wounded.
The yak disappears!
You barely miss the yak. The yak barely misses you.
You are near starving!
You hit the yak.
Space bends around the yak.
The yak is lightly wounded.
The yak barely misses you.
You slash the yak!
Space bends around the yak.
The yak is heavily wounded.
The yak gores you!
You take 10 damage, and have 37/60 hp.
You are too injured to fight recklessly!
You hit the yak but do no damage.
Space bends around the yak.
The yak is severely wounded.
The yak misses you.
You hit the yak but do no damage.
The yak looks slightly unstable.
The yak is severely wounded.
The yak gores you.
You take 4 damage, and have 33/60 hp.
You hit the yak but do no damage.
The yak is heavily wounded.
The yak disappears!
You barely miss the yak. The yak gores you but does no damage.
You slash the yak!
Space bends around the yak.
The yak is moderately wounded.
The yak gores you but does no damage.
You closely miss the yak.
The yak is moderately wounded.
The yak gores you but does no damage.
You slash the yak!
The yak looks slightly unstable.
The yak is severely wounded.
The yak barely misses you.
You hit the yak but do no damage.
Space bends around the yak.
The yak is severely wounded.
The yak gores you.
You take 1 damage, and have 33/60 hp.
You slash the yak!
Space bends around the yak.
You kill the yak!
Lugonu accepts your kill.
You hit the troll.
Space bends around the troll.
The troll is lightly wounded.
The troll completely misses you. The troll barely misses you.
The troll claws you!
* * * LOW HITPOINT WARNING * * *
You take 9 damage, and have 24/60 hp.
You closely miss the troll.
The troll is lightly wounded.
The troll bites you but does no damage. The troll claws you!
* * * LOW HITPOINT WARNING * * *
The troll closely misses you.
You take 12 damage, and have 12/60 hp.
You hit the troll.
Space bends around the troll.
The troll is moderately wounded.
The troll completely misses you.
You riposte.
You slash the troll!
Space bends around the troll.
The troll is severely wounded.
The troll claws you.
* * * LOW HITPOINT WARNING * * *
The troll claws you.
* * * LOW HITPOINT WARNING * * *
You take 7 damage, and have 5/60 hp.
You barely miss the troll.
The troll is severely wounded.
The troll closely misses you.
You riposte.
You slash the troll!
The troll is severely wounded.
The troll blinks!
There is an open door, spattered with blood here.
You see here a yak corpse.
Okay, then.
Evoke which item? (* to show all) (? for menu, Esc to quit)
Aiming: Corrosive Bolt
Press: ? - help, Shift-Dir - straight line, f - troll
Aim: a troll (severely wounded)
The bolt of acid misses the troll.
Evoke which item? (* to show all) (? for menu, Esc to quit)
Okay, then.
You hit the troll.
Space bends around the troll.
The troll is almost dead.
The troll barely misses you. The troll claws you.
You die...

# #.### ... #+#####
#####.### ....∩..
#.......#### .......
#..........# .......
#.......##.##.......
#.......##..@T...∩..
######.######.......
#.## ....... #..#
....... ##.##
#.....# #..# ####..
########'## .
..........#
.......<..#


You could see a troll.

Vanquished Creatures
  3 hippogriffs
  5 yaks
  A hungry ghost (D:9)
  2 ice beasts
  An ogre (D:4)
  A phantom (D:6)
  2 centaurs
  7 bullfrogs
  A wyvern zombie (D:7)
  A scorpion (D:7)
  17 killer bees
  4 howler monkeys
  3 crimson imps
  A bullfrog zombie (D:8)
  2 hounds (D:4)
  2 centaur skeletons
  2 jellies
  Crazy Yiuf (D:4)
  A centaur zombie (D:7)
  2 orc priests
  A bullfrog skeleton (D:9)
  An iguana (D:7)
  An orc wizard (D:9)
  4 worker ants
  A hound zombie (D:6)
  2 hound skeletons
  13 gnolls
  5 adders
  2 shadow imps
  An adder zombie (D:5)
  2 oozes
  3 worms
  4 dart slugs
  9 leopard geckos
  18 orcs
  7 bats
  2 giant cockroaches
  5 goblins
  3 hobgoblins
  17 jackals
  8 kobolds
  3 quokkas
  A ball python (D:2)
  2 ball python skeletons
  6 frilled lizards
  A leopard gecko skeleton (D:7)
  A quokka skeleton (D:5)
  2 rats
184 creatures vanquished.

Vanquished Creatures (collateral kills)
  A centaur (D:6)
1 creature vanquished.

Vanquished Creatures (others)
  A queen bee (D:7)
  An ogre (D:8)
  A crimson imp (D:8)
  An orc priest (D:9)
  An orc (D:6)
5 creatures vanquished.

Grand Total: 190 creatures vanquished

Notes
Turn   | Place    | Note
-------+----------+-------------------------------------------
     0 | Abyss:1  | Monsterracer the Deep Elf Abyssal Knight began the quest for the Orb.
     0 | Abyss:1  | Reached XP level 1. HP: 13/13 MP: 4/4
    38 | D:1      | Escaped the Abyss
   121 | D:1      | Reached skill level 2 in Long Blades
   404 | D:1      | Reached XP level 2. HP: 15/18 MP: 5/5
   536 | D:1      | HP: 7/18 [goblin (4)]
   821 | D:1      | HP: 9/18 [leopard gecko (3)]
   831 | D:1      | Reached skill level 3 in Long Blades
   833 | D:1      | HP: 7/18 [jackal (1)]
  1250 | D:1      | Reached XP level 3. HP: 22/22 MP: 6/6
  2252 | D:2      | Found a blossoming altar of Fedhas.
  2525 | D:2      | HP: 9/22 [worm (7)]
  2804 | D:3      | Found a sacrificial altar of Ru.
  2846 | D:3      | HP: 9/22 [adder (5)]
  2852 | D:3      | Reached ** piety under Lugonu
  2860 | D:3      | HP: 11/22 [jackal (3)]
  2864 | D:3      | Reached XP level 4. HP: 13/27 MP: 7/7
  2866 | D:3      | HP: 9/27 [jackal (1)]
  2881 | D:3      | HP: 4/27 [dart slug/slug dart (6)]
  3653 | D:4      | HP: 12/27 [hound (5)]
  3655 | D:4      | Reached skill level 4 in Long Blades
  3931 | D:4      | Noticed an ogre
  3963 | D:3      | Reached XP level 5. HP: 22/32 MP: 8/8
  4416 | D:5      | Entered Level 5 of the Dungeon
  4426 | D:5      | HP: 15/32 [gnoll/flail (12)]
  4432 | D:5      | HP: 17/48 [gnoll (4)]
  4433 | D:5      | Reached XP level 6. HP: 19/37 MP: 9/9
  4995 | D:5      | Reached skill level 5 in Long Blades
  5167 | D:5      | Found Mievyink's Weapon Boutique.
  5377 | D:5      | Bought a +1 scimitar of distortion for 187 gold pieces
  5439 | D:5      | Found a bloodstained altar of Trog.
  5451 | D:5      | Found a hide-covered altar of Uskayaw.
  5454 | D:5      | Found a shadowy altar of Dithmenos.
  5743 | D:5      | HP: 4/37 [jelly/exploding inner flame[the player character] (33)]
  6314 | D:6      | Found an iron altar of Okawaru.
  6372 | D:6      | Noticed a yak
  6372 | D:6      | Noticed a yak
  6373 | D:6      | Noticed a yak
  6373 | D:6      | Noticed an ice beast
  6389 | D:5      | Killed a yak
  6389 | D:5      | Reached XP level 7. HP: 32/42 MP: 10/10
  6694 | D:4      | Found an ornate altar of the Wu Jian Council.
  6770 | D:4      | Reached skill level 5 in Dodging
  6793 | D:4      | Found a runed door.
  6927 | D:4      | Noticed Crazy Yiuf
  6931 | D:4      | Killed Crazy Yiuf
  6994 | D:6      | Reached skill level 6 in Long Blades
  7032 | D:6      | Reached *** piety under Lugonu
  7054 | D:6      | Found a staircase to the Ecumenical Temple.
  7142 | D:6      | Noticed a yak
  7363 | D:6      | Found Hobovofu's Antique Armour Boutique.
  7373 | D:6      | Reached XP level 8. HP: 39/48 MP: 12/12
  7726 | D:6      | Reached skill level 7 in Long Blades
  7736 | D:6      | HP: 16/48 [yak (14)]
  8471 | D:7      | Reached skill level 5 in Fighting
  8471 | D:7      | Reached XP level 9. HP: 43/54 MP: 14/14
  8575 | D:7      | Reached skill level 5 in Invocations
  8680 | D:6      | Bought a heavily jewelled robe for 114 gold pieces
  8690 | D:6      | Identified the +1 robe of Dogmatism {Int+4} (You bought it in a shop on level 6 of the Dungeon)
  9043 | D:8      | Reached **** piety under Lugonu
  9138 | D:7      | Reached skill level 8 in Long Blades
  9214 | D:8      | Noticed a queen bee
  9234 | D:7      | HP: 26/54 [poisoned by a queen bee]
  9239 | D:7      | HP: 22/54 [poisoned by a queen bee]
  9244 | D:7      | HP: 15/54 [poisoned by a queen bee]
  9248 | D:7      | Banished a queen bee
  9254 | D:7      | HP: 27/54 [poisoned by a queen bee]
  9261 | D:7      | HP: 26/54 [poisoned by a queen bee]
  9269 | D:7      | HP: 26/54 [poisoned by a queen bee]
  9540 | D:7      | HP: 27/54 [poisoned by a killer bee]
  9545 | D:7      | HP: 25/54 [poisoned by a killer bee]
  9550 | D:7      | HP: 24/54 [poisoned by a killer bee]
  9557 | D:7      | HP: 23/54 [poisoned by a killer bee]
  9565 | D:7      | HP: 22/54 [poisoned by a killer bee]
  9848 | D:7      | HP: 27/54 [poisoned by a killer bee]
  9853 | D:7      | HP: 24/54 [poisoned by a killer bee]
  9858 | D:7      | HP: 23/54 [poisoned by a killer bee]
  9863 | D:7      | HP: 22/54 [poisoned by a killer bee]
  9871 | D:7      | HP: 21/54 [poisoned by a killer bee]
 10082 | D:8      | HP: 27/54 [poisoned by a killer bee]
 10088 | D:8      | HP: 26/54 [killer bee (1)]
 10090 | D:8      | HP: 12/54 [killer bee (9)]
 10092 | D:8      | HP: 5/54 [killer bee (7)]
 10128 | D:8      | HP: 10/55 [killer bee (2)]
 10865 | D:8      | Reached skill level 9 in Long Blades
 10945 | D:8      | Got a pair of spiked boots
 10954 | D:8      | Found a shattered altar of Ashenzari.
 10975 | D:8      | Reached XP level 10. HP: 60/60 MP: 16/16
 10989 | D:8      | Found a hazy altar of Hepliaklqana.
 11539 | D:9      | Noticed a two-headed ogre
 11540 | D:9      | Found a staircase to the Orcish Mines.
 11542 | D:9      | Banished a two-headed ogre
 11954 | D:9      | Identified the +2 pair of boots of the Shining One's Envy {rCorr MP-9 Int+4} (You found it on level 8 of the Dungeon)
 12487 | D:10     | Entered Level 10 of the Dungeon
 12502 | D:10     | Found Faepleeh's Food Emporium.
 12502 | D:10     | Found Fiut Guf's Magic Scroll Emporium.
 12519 | D:10     | HP: 24/60 [troll (9)]
 12521 | D:10     | HP: 10/60 [troll (2)]
 12525 | D:10     | Slain by a troll

Skill      XL: |  1  2  3  4  5  6  7  8  9 10 |
---------------+-------------------------------+-----
Long Blades    | 2 3 4 5 6 7 9 |  9.5
Dodging        | 3 4 5 6 8 |  8.5
Fighting       | 3 4 5 6 |  6.2
Invocations    | 3 4 6 |  6.8
Armour         | |  0.7

Action                   |  1- 3 |  4- 6 |  7- 9 | 10-12 || total
-------------------------+-------+-------+-------+-------++-------
Melee: Falchion          |   135 |   179 |       |       ||   314
       Scimitar          |       |    29 |   233 |    90 ||   352
Evoke: Wand              |       |       |       |     1 ||     1
  Use: Scroll            |     7 |     8 |     4 |       ||    19
       Potion            |     1 |     1 |     6 |       ||     8
  Eat: Chunk             |     7 |    12 |    16 |     1 ||    36
       Ration            |       |       |       |     1 ||     1
Armor: Leather armour    |    30 |    57 |    30 |       ||   117
       Robe              |       |       |    46 |    12 ||    58
       Ring mail         |       |       |       |     4 ||     4
Dodge: Dodged            |   104 |   172 |   227 |    49 ||   552
       Rpst.: Falchion   |    31 |    45 |       |       ||    76
       Scimitar          |       |     7 |    75 |    15 ||    97

Vault maps used:
D:1:      evilmike_arrival_crescent, wad_floor_pattern_untrapped,
          minmay_misc_feat_iff, st_stairs_1, serial_bayou_crossing
D:2:      nicolae_overflow_crystal_walls, first_ration,
          kennysheep_generic_room_8
D:3:      corexii_leaking_fountain, minmay_misc_feat_more_columns,
          nicolae_ru_path_of_blood
D:4:      kennysheep_mini_moat, uniq_crazy_yiuf_cottage
D:5:      grunt_temple_overflow_diamond, serial_shops, shop
D:6:      minmay_temple_entry_grid, basic_altar, abandoned_shop,
          kennysheep_small_circle
D:8:      evilmike_ruin_ashenzari, lemuel_doored_altar, david_nohive_1
D:9:      orc_0_dummy
D:10:     serial_shops, shop, nicolae_shop_waterfront, shop, enter_trove_2,
          basic_altar, minmay_the_grid_2x2, uniq_erolcha
